3AA
ATLANTIC CITY SONICS @ SPRINGFIELD SHOOTERS
08/11/2027
 
TOP OF THE 1ST
Atlantic City Sonics batting - Pitching for Springfield Shooters : RHP Gerald Keller
Pitching: RHP Gerald Keller
Batting: RHB José López 0-0: Ball
1-0: Called Strike
1-1: Ball
2-1: Ground out 1-3 (Groundball, 13)
Batting: LHB Russ Hanneman 0-0: Ball
1-0: Called Strike
1-1: SINGLE (Flyball, 78S)
Batting: RHB Brady Bess 0-0: Ball
1-0: Called Strike
1-1: Ball
2-1: Foul Ball, location: 2F
2-2: Ball
3-2: Strikes out swinging
Batting: RHB Thurman Blumer 0-0: Ball
1-0: Foul Ball, location: 2F
1-1: Foul Ball, location: 2F
1-2: Fielders Choice at 2nd, 4-6 (Groundball, 4)
Top of the 1st over - 0 run(s), 1 hit(s), 0 error(s), 0 left on base; Atlantic City 0 - Springfield 0
BOTTOM OF THE 1ST
Springfield Shooters batting - Pitching for Atlantic City Sonics : RHP Elroy Thompkins
Pitching: RHP Elroy Thompkins
Batting: SHB Benedict Patel 0-0: Ball
1-0: Ball
2-0: Called Strike
2-1: Ball
3-1: Base on Balls
Batting: RHB Carlos Cardona 0-0: Fly out, F3 (Line Drive, 3S)
Lined into DP, U3 (Line Drive, 3S)
Batting: LHB Daniel Faraday 0-0: Ball
1-0: Swinging Strike
1-1: Ball
2-1: Swinging Strike
2-2: Strikes out swinging
Bottom of the 1st over - 0 run(s), 0 hit(s), 0 error(s), 0 left on base; Atlantic City 0 - Springfield 0
TOP OF THE 2ND
Atlantic City Sonics batting - Pitching for Springfield Shooters : RHP Gerald Keller
Batting: RHB Kevin Malone 0-0: Ball
1-0: SINGLE (Groundball, 6D)
Batting: RHB Senior Pond 0-0: Ball
1-0: Ball
2-0: Ball
3-0: Called Strike
3-1: Swinging Strike
3-2: Fly out, F6 (Popup, 6MD)
Batting: RHB Cristián Alfonso 0-0: Foul Ball, location: 2F
0-1: Ball
1-1: Swinging Strike
1-2: Foul Ball, location: 2F
1-2: Ball
2-2: Foul Ball, location: 2F
2-2: Strikes out swinging
Batting: RHB Damon Grinter 0-0: Foul Ball, location: 2F
0-1: Ball
1-1: Ball
2-1: Called Strike
2-2: Foul Ball, location: 2F
2-2: Strikes out looking
Top of the 2nd over - 0 run(s), 1 hit(s), 0 error(s), 1 left on base; Atlantic City 0 - Springfield 0
BOTTOM OF THE 2ND
Springfield Shooters batting - Pitching for Atlantic City Sonics : RHP Elroy Thompkins
Batting: RHB Gabrio Campoverde 0-0: Ball
1-0: Ball
2-0: Ground out 5-3 (Groundball, 56)
Batting: LHB Guillermo Castro 0-0: Ball
1-0: Ball
2-0: SINGLE (Line Drive, 89M)
Batting: RHB Javier Vásquez 0-0: Ball
1-0: Swinging Strike
1-1: Swinging Strike
1-2: Strikes out swinging
Batting: LHB Walter Roda 0-0: Fly out, F4 (Popup, 34D)
Bottom of the 2nd over - 0 run(s), 1 hit(s), 0 error(s), 1 left on base; Atlantic City 0 - Springfield 0
TOP OF THE 3RD
Atlantic City Sonics batting - Pitching for Springfield Shooters : RHP Gerald Keller
Batting: SHB Luchino Salimbeni 0-0: DOUBLE (Line Drive, 9LM)
Batting: RHB José López 0-0: Foul Ball, location: 2F
0-1: Ball
1-1: Ground out 5-3 (Groundball, 56)
Batting: LHB Russ Hanneman 0-0: Fly out, F9 (Line Drive, 9)
Batting: RHB Brady Bess 0-0: Called Strike
0-1: Ball
1-1: Ball
2-1: SINGLE (Groundball, 6MD)
Luchino Salimbeni to third
Runner from 3rd tries for Home, SAFE, no throw
Batting: RHB Thurman Blumer 0-0: Fly out, F8 (Line Drive, 78M)
Top of the 3rd over - 1 run(s), 2 hit(s), 0 error(s), 1 left on base; Atlantic City 1 - Springfield 0
BOTTOM OF THE 3RD
Springfield Shooters batting - Pitching for Atlantic City Sonics : RHP Elroy Thompkins
Batting: RHB Willis Kirkendall 0-0: Foul Ball, location: 2F
0-1: Ground out 6-3 (Groundball, 6)
Batting: RHB Francisco Gonzáles 0-0: Swinging Strike
0-1: Called Strike
0-2: Fly out, F7 (Flyball, 78D)
Batting: SHB Benedict Patel 0-0: Called Strike
0-1: Ball
1-1: Swinging Strike
1-2: Ball
2-2: Strikes out looking
Bottom of the 3rd over - 0 run(s), 0 hit(s), 0 error(s), 0 left on base; Atlantic City 1 - Springfield 0
TOP OF THE 4TH
Atlantic City Sonics batting - Pitching for Springfield Shooters : RHP Gerald Keller
Batting: RHB Kevin Malone 0-0: Ball
1-0: SINGLE (Groundball, 56D)
Batting: RHB Senior Pond 0-0: Swinging Strike
0-1: Swinging Strike
0-2: Ball
1-2: Ball
2-2: Ball
3-2: Foul Ball, location: 2F
3-2: Foul Ball, location: 2F
3-2: SINGLE (Line Drive, 8RS)
Kevin Malone to second
Batting: RHB Cristián Alfonso 0-0: Ball
1-0: Ball
2-0: Ball
3-0: Base on Balls
Kevin Malone to third
Senior Pond to second
Batting: RHB Damon Grinter 0-0: Foul Ball, location: 2F
0-1: Ball
1-1: Fly out, F9 (Flyball, 9)
Runner from 3rd tags up, SCORES, throw made
Batting: SHB Luchino Salimbeni 0-0: Foul Ball, location: 2F
0-1: Called Strike
0-2: Ball
1-2: Strikes out looking
Batting: RHB José López 0-0: Called Strike
0-1: Ball
1-1: Swinging Strike
1-2: Fly out, F8 (Flyball, 8LM)
Top of the 4th over - 1 run(s), 2 hit(s), 0 error(s), 2 left on base; Atlantic City 2 - Springfield 0
BOTTOM OF THE 4TH
Springfield Shooters batting - Pitching for Atlantic City Sonics : RHP Elroy Thompkins
Batting: RHB Carlos Cardona 0-0: Foul Ball, location: 2F
0-1: Swinging Strike
0-2: Strikes out swinging
Batting: LHB Daniel Faraday 0-0: Ball
1-0: Fly out, F8 (Flyball, 8RD)
Batting: RHB Gabrio Campoverde 0-0: Swinging Strike
0-1: Foul Ball, location: 2F
0-2: Ball
1-2: Strikes out swinging
Bottom of the 4th over - 0 run(s), 0 hit(s), 0 error(s), 0 left on base; Atlantic City 2 - Springfield 0
TOP OF THE 5TH
Atlantic City Sonics batting - Pitching for Springfield Shooters : RHP Gerald Keller
Batting: LHB Russ Hanneman 0-0: Ball
1-0: Foul Ball, location: 2F
1-1: Ball
2-1: Ball
3-1: SINGLE (Line Drive, 89S)
Batting: RHB Brady Bess 0-0: Called Strike
0-1: Foul Ball, location: 2F
0-2: Strikes out swinging
Batting: RHB Thurman Blumer 0-0: Ball
1-0: Ball
2-0: Ball
3-0: Called Strike
3-1: Fly out, F8 (Flyball, 8RM)
Batting: RHB Kevin Malone 0-0: SINGLE (Flyball, 3D)
Russ Hanneman to second
Throwing error, E9
Russ Hanneman scores
Kevin Malone to second
Batting: RHB Senior Pond 0-0: Called Strike
0-1: Swinging Strike
0-2: Strikes out looking
Top of the 5th over - 1 run(s), 2 hit(s), 1 error(s), 1 left on base; Atlantic City 3 - Springfield 0
BOTTOM OF THE 5TH
Springfield Shooters batting - Pitching for Atlantic City Sonics : RHP Elroy Thompkins
Batting: LHB Guillermo Castro 0-0: Called Strike
0-1: Ball
1-1: Called Strike
1-2: Ball
2-2: Foul Ball, location: 2F
2-2: Foul Ball, location: 2F
2-2: Ball
3-2: Base on Balls
Batting: RHB Javier Vásquez 0-0: Called Strike
0-1: Bunted foul
0-2: Ball
1-2: Foul Ball, location: 2F
1-2: Fly out, F6 (Line Drive, 6)
Batting: LHB Walter Roda 0-0: Fly out, F7 (Flyball, 7)
Batting: RHB Willis Kirkendall 0-0: Ball
1-0: Ball
2-0: Foul Ball, location: 2F
2-1: Called Strike
2-2: Ball
3-2: Strikes out swinging
Bottom of the 5th over - 0 run(s), 0 hit(s), 0 error(s), 1 left on base; Atlantic City 3 - Springfield 0
TOP OF THE 6TH
Atlantic City Sonics batting - Pitching for Springfield Shooters : RHP Gerald Keller
Batting: RHB Cristián Alfonso 0-0: Called Strike
0-1: Ground out 6-3 (Groundball, 6)
Batting: RHB Damon Grinter 0-0: Ball
1-0: Fly out, F9 (Flyball, 9S)
Batting: SHB Luchino Salimbeni 0-0: Ground out U3 (Groundball, 3)
Top of the 6th over - 0 run(s), 0 hit(s), 0 error(s), 0 left on base; Atlantic City 3 - Springfield 0
BOTTOM OF THE 6TH
Springfield Shooters batting - Pitching for Atlantic City Sonics : RHP Elroy Thompkins
Batting: RHB Francisco Gonzáles 0-0: SINGLE (Flyball, 8LS)
Batting: SHB Benedict Patel 0-0: Ball
1-0: Ball
Francisco Gonzáles steals 2nd base
2-0: Ball
3-0: Ground out 6-3 (Groundball, 6)
Batting: RHB Carlos Cardona 0-0: Ball
1-0: Ball
2-0: Reached on error, E5 (Groundball, 5)
Francisco Gonzáles to third
Batting: LHB Daniel Faraday 0-0: Ball
1-0: Ball
2-0: Ball
3-0: Base on Balls
Carlos Cardona to second
Batting: RHB Gabrio Campoverde 0-0: Ball
1-0: Called Strike
1-1: Ball
2-1: Foul Ball, location: 2F
2-2: Foul Ball, location: 2F
2-2: Foul Ball, location: 2F
2-2: Foul Ball, location: 2F
2-2: Ball
3-2: Fielders Choice at 2nd, 5-4 (Groundball, 56)
Francisco Gonzáles scores
Carlos Cardona to third
Batting: LHB Guillermo Castro 0-0: Ball
1-0: Swinging Strike
1-1: Fly out, F7 (Flyball, 7LMF)
Bottom of the 6th over - 1 run(s), 1 hit(s), 1 error(s), 2 left on base; Atlantic City 3 - Springfield 1
TOP OF THE 7TH
Atlantic City Sonics batting - Pitching for Springfield Shooters : RHP Gerald Keller
Batting: RHB José López 0-0: Called Strike
0-1: Fly out, F8 (Flyball, 78M)
Batting: LHB Russ Hanneman 0-0: Ball
1-0: Ball
2-0: Ball
3-0: Called Strike
3-1: Base on Balls
Pitching: LHP Tomás Galván
Batting: RHB Brady Bess 0-0: Ball
1-0: Called Strike
1-1: Ball
2-1: Ball
3-1: Swinging Strike
3-2: Reached on error, E5 (Groundball, 56)
Russ Hanneman to second
Pinch Hitting: SHB Phil Moore 0-0: Ball
1-0: Swinging Strike
1-1: Foul Ball, location: 2F
1-2: Ball
2-2: Ball
3-2: Grounds into double play, 4-6-3 (Groundball, 4)
Top of the 7th over - 0 run(s), 0 hit(s), 1 error(s), 1 left on base; Atlantic City 3 - Springfield 1
BOTTOM OF THE 7TH
Springfield Shooters batting - Pitching for Atlantic City Sonics : RHP Elroy Thompkins
Now at 2B: Jorge Figueroa
Batting: RHB Javier Vásquez 0-0: Foul Ball, location: 2F
0-1: Foul Ball, location: 2F
0-2: Strikes out swinging
Batting: LHB Walter Roda 0-0: Ground out U3 (Groundball, 34D)
Batting: RHB Willis Kirkendall 0-0: Ball
1-0: Foul Ball, location: 2F
1-1: Called Strike
1-2: Foul Ball, location: 2F
1-2: Ball
2-2: Ball
3-2: Base on Balls
Batting: RHB Francisco Gonzáles 0-0: Called Strike
0-1: Called Strike
0-2: SINGLE (Groundball, 6MD)
Willis Kirkendall to second
Batting: SHB Benedict Patel 0-0: Foul Ball, location: 2F
0-1: Ball
1-1: Ball
2-1: Foul Ball, location: 2F
2-2: Foul Ball, location: 2F
2-2: Foul Ball, location: 2F
2-2: Strikes out swinging
Bottom of the 7th over - 0 run(s), 1 hit(s), 0 error(s), 2 left on base; Atlantic City 3 - Springfield 1
TOP OF THE 8TH
Atlantic City Sonics batting - Pitching for Springfield Shooters : LHP Tomás Galván
Batting: RHB Kevin Malone 0-0: Ball
1-0: Ball
2-0: Ground out 4-3 (Groundball, 4)
Batting: RHB Senior Pond 0-0: Swinging Strike
0-1: Called Strike
0-2: Ball
1-2: Strikes out swinging
Batting: RHB Cristián Alfonso 0-0: Ball
1-0: Called Strike
1-1: SINGLE (Groundball, 6D)
Batting: RHB Damon Grinter 0-0: SINGLE (Groundball, 4MD)
Cristián Alfonso to second
Pinch Hitting: RHB Julián García 0-0: Ball
1-0: Foul Ball, location: 2F
1-1: Foul Ball, location: 2F
1-2: SINGLE (Groundball, 6MD)
Cristián Alfonso to third
Damon Grinter to second
Runner from 3rd tries for Home, SAFE, no throw
Batting: RHB José López 0-0: Called Strike
Damon Grinter steals 3rd base
Julián García to second
0-1: Ball
1-1: Foul Ball, location: 2F
1-2: SINGLE (Flyball, 7LS)
Damon Grinter scores
Julián García to third
Runner from 3rd tries for Home, SAFE, no throw
Pitching: RHP Roy Gartner
Batting: LHB Russ Hanneman 0-0: Ball
1-0: Called Strike
José López steals 2nd base
1-1: Ball
2-1: Called Strike
2-2: Ball
3-2: SINGLE (Line Drive, 34)
José López to third
José López scores
Batting: RHB Brady Bess 0-0: Called Strike
0-1: Ground out 6-3 (Groundball, 6S)
Top of the 8th over - 4 run(s), 5 hit(s), 0 error(s), 1 left on base; Atlantic City 7 - Springfield 1
BOTTOM OF THE 8TH
Springfield Shooters batting - Pitching for Atlantic City Sonics : RHP Elroy Thompkins
Now at 3B: Jim Unknown
Batting: RHB Carlos Cardona 0-0: Fly out, F8 (Line Drive, 8RM)
Batting: LHB Daniel Faraday 0-0: Foul Ball, location: 2F
0-1: Ground out 3-1 (Groundball, 34D)
Batting: RHB Gabrio Campoverde 0-0: Ball
1-0: Called Strike
1-1: Ball
2-1: Ground out 6-3 (Groundball, 6)
Bottom of the 8th over - 0 run(s), 0 hit(s), 0 error(s), 0 left on base; Atlantic City 7 - Springfield 1
TOP OF THE 9TH
Atlantic City Sonics batting - Pitching for Springfield Shooters : RHP Roy Gartner
Batting: RHB Jorge Figueroa 0-0: Called Strike
0-1: Foul Ball, location: 2F
0-2: Ball
1-2: Strikes out swinging
Batting: RHB Kevin Malone 0-0: SINGLE (Groundball, 56D)
Batting: RHB Senior Pond 0-0: Ball
1-0: Called Strike
1-1: Swinging Strike
1-2: Foul Ball, location: 2F
1-2: Ball
2-2: Foul Ball, location: 2F
2-2: Fielders Choice at 2nd, 1-4 (Groundball, 15S)
Batting: RHB Cristián Alfonso 0-0: Called Strike
Senior Pond is caught stealing 2nd base
Top of the 9th over - 0 run(s), 1 hit(s), 0 error(s), 0 left on base; Atlantic City 7 - Springfield 1
BOTTOM OF THE 9TH
Springfield Shooters batting - Pitching for Atlantic City Sonics : RHP Elroy Thompkins
Pitching: LHP David Sherratt
Batting: LHB Guillermo Castro 0-0: Ball
1-0: Ball
2-0: Called Strike
2-1: Ground out 3-1 (Groundball, 34S)
Batting: RHB Javier Vásquez 0-0: Foul Ball, location: 2F
0-1: Swinging Strike
0-2: Ball
1-2: Fly out, F8 (Flyball, 78M)
Batting: LHB Walter Roda 0-0: Ball
1-0: Called Strike
1-1: Called Strike
1-2: Strikes out looking
Bottom of the 9th over - 0 run(s), 0 hit(s), 0 error(s), 0 left on base; Atlantic City 7 - Springfield 1
Saturday, May 26th, 2018 - OOTP Baseball 17.12 Build 75